 Dungeon Crawl Stone Soup version 0.29.1-12-g30fa7ad0bf (webtiles) character file.

Game seed: 7231000937378495179

6 themna the Digger (level 1, 0/11 HPs)
             Began as an Octopode Earth Elementalist on Jan 18, 2023.
             Slain by a ball python (1 damage)
             ... on level 1 of the Dungeon.
             The game lasted 00:03:10 (476 turns).

themna the Digger (Octopode Earth Elementalist)      Turns: 476, Time: 00:03:10

Health: 0/11       AC:  1    Str:  7    XL:     1   Next: 90%
Magic:  3/3        EV: 13    Int: 17    God:
Gold:   0          SH:  0    Dex: 12    Spells: 3/4 levels left

rFire   . . .      SeeInvis .   (no weapon)
rCold   . . .      Faith    .   (no shield)
rNeg    . . .      Spirit   .   (helmet restricted)
rPois   .          Reflect  .   (no amulet)
rElec   .          Harm     .   (no ring)
rCorr   .          Rampage  .   (no ring)
Will    .....                   (no ring)
Stlth   +++.......              (no ring)
HPRegen 0.03/turn               (no ring)
MPRegen 0.08/turn               (no ring)
                                (no ring)
                                (no ring)

@: no status effects
A: almost no armour, amphibious, 8 rings, camouflage 1, gelatinous body 1,
(nimble swimmer 1), tentacles
a: no special abilities


You were on level 1 of the Dungeon.
You visited 1 branch of the dungeon, and saw 1 of its levels.

Inventory:

Scrolls
 b - a scroll of immolation {unknown}
 d - a scroll of identify {unknown}
Potions
 a - a potion of magic
 c - a potion of ambrosia {unknown}
 e - a potion of mutation {unknown}


   Skills:
 + Level 2.1 Dodging
 + Level 2.6 Stealth
 + Level 2.3 Spellcasting
 + Level 1.0 Transmutations
 + Level 3.0 Earth Magic


You had 3 spell levels left.
You knew the following spells:

 Your Spells              Type           Power      Damage    Failure   Level
a - Sandblast             Erth           24%        2d8       5%          1

Your spell library contained the following spells:

 Spells                   Type           Power      Damage    Failure   Level
 Passwall                 Tmut/Erth      6%         N/A       12%         2
 Stone Arrow              Conj/Erth      14%        3d7       30%         3
 Petrify                  Tmut/Erth      8%         N/A       63%         4


Dungeon Overview and Level Annotations

Branches:
Dungeon (1/15)

Altars:


Innate Abilities, Weirdness & Mutations

You cannot wear most types of armour.
You are amphibious.
You can wear up to eight rings at the same time.
Your skin changes colour to match your surroundings (Stealth+).
Your rubbery body absorbs attacks. (AC +1, EV +1)
((You are camouflaged when in or above water. (Stealth+)))
You have tentacles for arms and can constrict up to eight enemies at once.


Message History

An endoplasm is nearby!
An endoplasm is nearby!
Found a scroll labelled UBREQULEF and a sedimented blue potion.
There is a stone staircase leading down here.
d - a scroll labelled UBREQULEF
e - a sedimented blue potion
There is a stone staircase leading down here.
Unknown command.
A ball python comes into view.
A goblin comes into view. It is wielding a +0 club.
The goblin shouts!
The ball python hisses angrily.
You tentacle-slap the goblin. Your grab misses the goblin.
The goblin is moderately wounded.
The goblin hits you with a +0 club.
You barely miss the goblin. Your grab misses the goblin.
The goblin is moderately wounded.
The ball python bites you. The ball python grabs you.
The ball python constricts you. The goblin hits you with a +0 club.
You tentacle-slap the goblin. You grab the goblin.
The goblin is heavily wounded.
You constrict the goblin. The ball python bites you.
The ball python constricts you.
* * * LOW HITPOINT WARNING * * *
The goblin hits you but does no damage.
You tentacle-slap the goblin but do no damage.
The goblin is severely wounded.
You constrict the goblin. The ball python bites you.
* * * LOW HITPOINT WARNING * * *
The ball python constricts you.
* * * LOW HITPOINT WARNING * * *
The goblin completely misses you.
You tentacle-slap the goblin but do no damage.
The goblin is almost dead.
You constrict the goblin.
You kill the goblin!
The ball python bites you but does no damage.
The ball python constricts you.
You escape the ball python's grasp.
The ball python bites you.
You die...

###########
#.........#
#.#######.# #.# #.#
#.# #.# #.# #.####
#.# #@S..# #.#
#........
#.#######..#.#..#
####.........##..#.#
..#.#........ ##
#.#.#########
###.#.# #.....# #
#.#.### .....


You could see a ball python.

Vanquished Creatures
  An endoplasm (D:1)
  2 goblins (D:1)
  A hobgoblin (D:1)
  A ball python (D:1)
5 creatures vanquished.

Notes
Turn   | Place    | Note
-------+----------+-------------------------------------------
     0 | D:1      | themna the Octopode Earth Elementalist began the quest for
                  | the Orb.
     0 | D:1      | Reached XP level 1. HP: 11/11 MP: 3/3
   476 | D:1      | Slain by a ball python

Illustrated notes

Levels and vault maps discovered:
D:1:      roderic_crossed_star, layout_loops_cross

Action                   || total
-------------------------++-------
Melee: Unarmed           ||    18
       Tentacles         ||     4
       Constrict         ||     3
       Punch             ||     1
 Stab: Sleeping          ||     1
Armor: Skin              ||     3
Dodge: Dodged            ||    10
